[Event "Grand Chess Tour: SuperUnited Rapid & Blitz Croatia 2023"]
[Site "Chess.com"]
[Date "2023.07.06"]
[Round "6"]
[White "Carlsen, Magnus"]
[Black "Anand, Viswanathan"]
[Result "1-0"]
[WhiteElo "2829"]
[BlackElo "2731"]
[ECO "B13"]
[EventDate "2023.??.??"]
[Annotator "rafael"]
[PlyCount "105"]
[Beauty "6807657389064"]
[EventType "blitz"]
[TimeControl "1500+10"]

1.e4 c6 2.d4 d5 3.exd5 cxd5 4.Bd3 Nc6 5.c3 e6 {This is historically not a very popular move. Usually, Black tries to develop the c8-bishop before playing e6. This move, however, was played by Carlsen and Caruana, among others.} ( 5...Nf6 ) ( 5...Qc7 ) 6.Bf4 Bd6 7.Bxd6 Qxd6 8.Nf3 Nge7 9.O-O O-O {The pawn structure resembles the London System.} ( 9...Bd7 {was played by Carlsen in the Olympiad last year.} 10.Re1 O-O 11.Ne5 Nxe5 12.dxe5 Qb6 13.Qb3 Qxb3 14.axb3 Rfd8 15.Na3 {with an equal endgame in Vocaturo-Carlsen, Chennai (Ol) 2022.} ) 10.Re1 {The rook now supports a knight move to e5 and also allows the Nd2-f1-g3 maneuver.} 10...f6 {A good move, avoiding Ne5 and preparing e6-e5.} ( 10...Ng6 {is less accurate:} 11.Bxg6 ( 11.Nbd2 {is good enough.} ) 11...hxg6 12.Ne5 Ne7 13.h4 f6 14.Nd3 Bd7 15.Nd2 {with a small advantage for White in Carlsen-Pantsulaia, Aimchess (rapid) 2023.} ) 11.c4 $1 {[%c_effect c4;square;c4;type;GreatFind;persistent;true] After the slight weakness created by f6, this move becomes more attractive.} 11...dxc4 {The best move and also a novelty.} ( 11...Nb4 $6 {[%c_effect b4;square;b4;type;Inaccuracy;persistent;true] was played in Babiy-Popov, Chennai 2019. Here White should have played} 12.c5 {with the advantage.} ) 12.Bxc4 Nf5 $1 {[%c_effect f5;square;f5;type;GreatFind;persistent;true] Another good decision.} ( 12...Nd5 {Usually this is the best square for the knight against an isolated queen's pawn, but here White keeps an edge after} 13.Nc3 {The e6-pawn is weak.} ) ( 12...Rd8 {is also critical, although White maintains some pressure after} 13.Nc3 Nxd4 14.Nxd4 Qxd4 15.Qe2 ) 13.d5 exd5 $2 {[%c_effect d5;square;d5;type;Mistake;persistent;true] White gets a clear advantage after this mistake.} ( 13...Na5 $1 {[%c_effect a5;square;a5;type;GreatFind;persistent;true] is the right move:} 14.Bd3 ( 14.b3 {It's clear that this move gives nothing.} 14...Nxc4 15.bxc4 exd5 16.cxd5 Bd7 {with a good position for Black.} ) 14...exd5 ( {After} 14...Qxd5 15.Nc3 {White has good compensation.} ) 15.Nc3 Nc6 16.Nb5 Qd8 {White has good play for the pawn, but it's probably not enough for an advantage.} ) 14.Bxd5+ Kh8 15.Nc3 {Anand probably underestimated the danger of this position. Even though the pawn structure is symmetrical, White has a healthy advantage with more active pieces.} 15...Bd7 16.Qb3 Qc7 17.Rad1 Rad8 18.h3 {These patient moves are always difficult to spot, and we should learn with them. White's advantage is not going anywhere, so Carlsen gives his king some useful room to breathe.} 18...Bc8 19.Qa3 ( 19.Nb5 {gives White a clear advantage after} 19...Qb6 20.Bxc6 $1 Rxd1 ( 20...bxc6 21.Rxd8 Rxd8 22.Qf7 $1 {[%c_effect f7;square;f7;type;GreatFind;persistent;true] Using the good old back rank mate to achieve a winning initiative.} ) 21.Qxd1 bxc6 22.Nd6 Nxd6 23.Qxd6 Rd8 24.Re7 $1 ) 19...Nfe7 ( 19...Qb6 20.Bxc6 bxc6 21.Ne4 {is clearly better for White.} ) ( 19...a6 {in order to protect the pawn is also not enough:} 20.Ne4 {with the advantage.} ) 20.Nb5 Qb6 {This wins a pawn but gives Black some hope after the exchanges. There were many tempting moves for White.} 21.Nxa7 $6 ( 21.Nd6 ) ( 21.Bxc6 Nxc6 22.Nd6 ) ( 21.Bc4 {This is my favorite move, keeping all the advantages of the position.} ) 21...Nxd5 ( 21...Qxa7 22.Qxa7 Nxa7 23.Rxe7 {is completely losing for Black.} ) 22.Nxc8 Rxc8 23.Rxd5 Ra8 24.Qb3 Qxb3 25.axb3 {After this forced sequence, White remains a pawn up, but the b-pawns are doubled. Black has serious drawing chances.} 25...Rf7 $6 ( 25...Rfd8 $1 {[%c_effect d8;square;d8;type;GreatFind;persistent;true] is more precise:} 26.Red1 ( 26.Rb5 Rd7 ) 26...Rxd5 27.Rxd5 Ra1+ 28.Kh2 Rb1 29.Rb5 Rxb2 30.Rxb7 h5 {with chances of saving the game. The rook has become active.} ) 26.Re4 $6 ( 26.Nd2 $1 {[%c_effect d2;square;d2;type;GreatFind;persistent;true] is stronger, bringing the knight to the game.} ) 26...Kg8 27.b4 Rd8 $6 ( 27...Ra4 $1 {[%c_effect a4;square;a4;type;GreatFind;persistent;true] offers good drawing chances after} 28.Re8+ Rf8 29.Rxf8+ Kxf8 30.b5 Ra5 $1 31.Nd2 Nb4 ) 28.Rxd8+ Nxd8 29.Kf1 {The endgame is probably lost now. White's king is coming to the game, and a pawn is a pawn, even if it's doubled.} 29...Kf8 30.Ke2 Rc7 31.Kd3 Kf7 32.Nd4 Nc6 33.Nxc6 Rxc6 34.Rc4 {This is one of the advantages of having a pawn up: Black can never exchange rooks.} 34...Rd6+ 35.Rd4 Rb6 36.Rd7+ Kg6 37.Kc4 Rc6+ 38.Kb3 b6 39.Rd2 {Preparing Ka4-b5. The rest is easy for Carlsen.} 39...Re6 40.Ka4 Re5 41.f4 Re4 42.Rf2 h5 43.f5+ Kg5 44.Kb5 h4 45.Kxb6 Rxb4+ 46.Kc5 Rb3 47.Kc4 Rb8 48.b4 {The b-pawn decides the game.} 48...Rc8+ 49.Kd5 Rb8 50.Kc5 Rc8+ 51.Kd6 Rb8 52.Rb2 Kxf5 53.b5 {White will win Black's rook, and the counterplay is not fast enough.} 1-0

[Event "Grand Chess Tour: SuperUnited Rapid & Blitz Croatia 2023"]
[Site "Chess.com"]
[Date "2023.07.07"]
[Round "8"]
[White "Gukesh, D."]
[Black "Anand, Viswanathan"]
[Result "1-0"]
[WhiteElo "2629"]
[BlackElo "2731"]
[ECO "B12"]
[EventDate "2023.??.??"]
[Annotator "rafael"]
[PlyCount "79"]
[Beauty "7697252487180"]
[EventType "blitz"]
[TimeControl "1500+10"]

1.e4 c6 2.d4 d5 3.f3 $5 {[%c_effect f3;square;f3;type;Interesting;persistent;true] This move is a popular sideline in the Caro-Kann Defense. Very strong players choose it from time to time.} 3...e6 ( 3...dxe4 4.fxe4 e5 {This is a critical line. A recent game continued:} 5.Nf3 Bg4 ( 5...exd4 $6 6.Bc4 $1 {[%c_effect c4;square;c4;type;GreatFind;persistent;true] is dangerous for Black.} ) 6.c3 Nd7 7.Be2 Ngf6 8.Nbd2 exd4 9.cxd4 Bb4 10.O-O O-O 11.Qc2 Bh5 $1 {[%c_effect h5;square;h5;type;GreatFind;persistent;true] with equal chances in Erigaisi-Gukesh, Airthings Masters (rapid) 2023.} ) 4.Nc3 Nd7 {The fourth most popular move.} ( 4...Nf6 {can transpose to the French Defense after} 5.e5 Nfd7 6.f4 c5 7.Nf3 ) ( 4...Bb4 {is the main line.} ) 5.Be3 Bb4 6.Bd3 c5 {An interesting move. Good chances of equality are offered by the more conventional} ( 6...dxe4 7.fxe4 e5 $1 {[%c_effect e5;square;e5;type;GreatFind;persistent;true] The game can continue:} 8.Nf3 Ngf6 9.dxe5 Ng4 {with good play for Black in a complicated position.} ) 7.exd5 exd5 8.dxc5 Bxc3+ 9.bxc3 {It's hard to evaluate positions with so many imbalances: White is a pawn up but he has tripled pawns. White also has the bishop pair, with the dark-squared one being particularly unpleasant.} 9...Ne7 10.Ne2 O-O 11.O-O ( 11.Bb5 {Gukesh could consider eliminating the d7-knight to secure his pawn advantage.} 11...Qc7 12.Bxd7 Bxd7 13.O-O b6 14.cxb6 axb6 15.Qd2 {with a slightly better position for White.} ) 11...Qc7 {The c5-pawn is captured, and the game is equal.} 12.a4 $5 Nxc5 13.a5 {An interesting plan to gain space on the queenside.} 13...Rd8 {The rook is not so useful here.} ( 13...Nxd3 14.cxd3 Re8 {is more accurate.} ) 14.Bf4 Qd7 15.Qd2 Nxd3 {The bishop has to be captured sooner or later.} 16.cxd3 Nc6 17.Ng3 f6 {The game enters a maneuvering stage.} 18.Rfe1 Qf7 19.Qf2 Be6 20.Be3 Qd7 21.Ne2 Bf5 22.Nf4 Qf7 {Black doesn't have active plans, but his position is very solid.} 23.h4 $1 {[%c_effect h4;square;h4;type;GreatFind;persistent;true] White must try to create some weaknesses on Black's kingside.} 23...h6 ( 23...h5 {is also possible, but then the queen is tied to the defense of the pawn.} ) 24.h5 Ne5 25.Red1 Nc6 26.Rdb1 Rd7 27.Rb5 a6 28.Rc5 Re8 ( 28...Nd8 $5 {[%c_effect d8;square;d8;type;Interesting;persistent;true] followed by 29... Ne6, deserved consideration.} ) 29.c4 {Gukesh forces matters, and the game gains some life. Objectively it was better to play} ( 29.Re1 ) 29...d4 ( 29...Ne5 $1 {[%c_effect e5;square;e5;type;GreatFind;persistent;true] gives good play for Black after} 30.cxd5 Nxd3 31.Nxd3 Bxd3 32.d6 $5 Rxd6 33.Bxh6 Rd5 $1 ( {But not} 33...gxh6 $2 34.Qg3+ {losing the exchange.} ) ) 30.Bd2 Re5 ( 30...Ne5 {is also possible.} ) 31.Rd5 Rexd5 $6 {[%c_effect d5;square;d5;type;Inaccuracy;persistent;true] Anand will start to make mistakes, and his position will quickly become critical.} ( 31...Rdxd5 $1 {[%c_effect d5;square;d5;type;GreatFind;persistent;true] is the right way to capture:} 32.cxd5 Ne7 33.g4 Bd7 $1 {[%c_effect d7;square;d7;type;GreatFind;persistent;true] This is the point. The bishop can come back to the h3-c8 diagonal.} ) 32.cxd5 Ne7 $2 {[%c_effect e7;square;e7;type;Mistake;persistent;true] After this move, Black is lost.} ( 32...Ne5 {is necessary:} 33.Qxd4 Nxd3 $1 34.d6 ( 34.Nxd3 $2 Rxd5 ) 34...Nxf4 35.Bxf4 {White is a little better with the powerful d6-pawn, but I don't think Black has problems achieving a draw.} ) 33.g4 $1 Bh7 {The h7-square is an unfortunate home for the bishop.} 34.Rc1 ( 34.Qxd4 Nxd5 35.Rc1 $1 {[%c_effect c1;square;c1;type;GreatFind;persistent;true] wins in style, for instance:} 35...Nc7 {An attempt to defend the rook invasion on the c-file, but now there's a nice combination.} 36.Rxc7 $1 Rxd4 ( 36...Rxc7 37.Qd8+ ) 37.Rc8+ Qf8 38.Rxf8+ Kxf8 39.Ne6+ {winning a piece.} ) 34...g5 {A desperate attempt to give his king some air.} ( 34...Nxd5 {loses to} 35.Rc8+ ) ( 34...Kh8 35.Qxd4 Nxd5 36.Rc8+ Bg8 37.Ng6+ Kh7 38.Nf8+ Kh8 39.Nxd7 Qxd7 40.Qc5 {with an easy win.} ) 35.hxg6 Bxg6 36.Qh4 {Black's position has too many weaknesses.} 36...h5 37.gxh5 Bf5 38.Kf2 Nxd5 39.Rc8+ Kh7 40.Ng6 $1 {[%c_effect g6;square;g6;type;GreatFind;persistent;true] A beautiful finish.} ( 40.Ng6 Bxg6 41.hxg6+ Kxg6 42.Rh8 {with a mating attack.} ) 1-0

[Event "Grand Chess Tour: SuperUnited Rapid & Blitz Croatia 2023"]
[Site "Chess.com"]
[Date "2023.07.08"]
[Round "17"]
[White "Carlsen, Magnus"]
[Black "Rapport, Richard"]
[Result "1-0"]
[WhiteElo "2829"]
[BlackElo "2761"]
[ECO "B04"]
[EventDate "2023.??.??"]
[Annotator "rafael"]
[PlyCount "117"]
[Beauty "6460901690914"]
[EventType "blitz"]
[TimeControl "1500+10"]

1.e4 Nf6 2.e5 Nd5 3.d4 d6 4.Nf3 dxe5 5.Nxe5 c6 {This variation of the Alekhine Defense is used by strong GMs as a blitz weapon.} 6.Bd3 ( 6.Be2 {is the most popular move.} ) 6...g6 ( 6...Nd7 {is usually played. Carlsen faced this move in 2023:} 7.O-O Nxe5 8.dxe5 Nb4 9.Be4 Qxd1 10.Rxd1 {with a slight advantage for White in Carlsen-Bortnyk, Pro League (rapid) 2023.} ) 7.O-O Bg7 8.Re1 O-O 9.c3 Nd7 10.Nxd7 ( 10.Nf3 {keeping the knights on the board is also possible, although White has nothing special here.} ) 10...Bxd7 11.Nd2 Qc7 12.Nf3 Bg4 ( 12...c5 {is a natural move, breaking White's center. This was played in Michiels-Miroshnichenko, Antwerp 2008.} ) 13.h3 Bxf3 14.Qxf3 e5 $6 {[%c_effect e5;square;e5;type;Inaccuracy;persistent;true] This opens the game and helps the pair of bishops.} ( 14...e6 {leads to a typical position: White has the pair of bishops, but Black is very solid.} ) 15.dxe5 Bxe5 16.Bc4 Rfe8 17.Bxd5 $6 {[%c_effect d5;square;d5;type;Inaccuracy;persistent;true] The first new move in the game.} ( 17.g3 $1 {[%c_effect g3;square;g3;type;GreatFind;persistent;true] is better. After} 17...Bg7 18.Bd2 {White had the advantage in Guthmann-Heumann, Germany 2012.} ) 17...Bh2+ $1 ( 17...cxd5 18.Be3 {leads to a slightly better position for White, thanks to the isolated queen's pawn.} ) 18.Kf1 Rxe1+ 19.Kxe1 cxd5 20.g3 $6 {[%c_effect g3;square;g3;type;Inaccuracy;persistent;true] Carlsen certainly missed Black's counterplay.} ( 20.Be3 {leads to a more or less equal position after} 20...Re8 21.Kf1 ( 21.Qxd5 Bf4 ) 21...Qc4+ 22.Qe2 Qc6 ( {Or} 22...Qxe2+ 23.Kxe2 Bf4 {with a drawn endgame.} ) ) 20...Re8+ 21.Be3 $6 {[%c_effect e3;square;e3;type;Inaccuracy;persistent;true] This is met by a nice tactical reply.} ( 21.Kf1 {is better:} 21...Qc4+ 22.Kg2 Re1 23.Kxh2 Qf1 {White must be careful here.} 24.h4 ( 24.Qg2 {is also possible. My machine screams equality after} 24...Qe2 {, showing some strange lines. I would be worried as White in a blitz game since Black wants to play ...Rf1.} ) 24...Qg1+ ( 24...Rxc1 $2 {[%c_effect c1;square;c1;type;Mistake;persistent;true] is not enough:} 25.Rxc1 Qxc1 26.Qxd5 Qxb2 27.Qd8+ Kg7 28.Qd4+ Kg8 29.Qxa7 {Imagine what Carlsen can do with the white pieces in this endgame.} ) 25.Kh3 Qf1+ 26.Kh2 {Accepting the draw is the safest decision.} ( 26.Qg2 Qe2 ) ( 26.Kg4 $4 h5+ 27.Kg5 {I was curious to see what happens if White's king embarks on a journey. In the analysis, everything is possible.} 27...Re5+ 28.Kh6 Qa6 $3 {[%c_effect a6;square;a6;type;Brilliant;persistent;true] The only winning move and a fantastic one. These types of moves are easily missed. The threat is 29...g5+.} 29.Bg5 Qd6 $1 {[%c_effect d6;square;d6;type;GreatFind;persistent;true] with mate to follow.} ) ) 21...Bxg3 $1 22.Kf1 ( {Rapport's idea is revealed after} 22.fxg3 $2 Qb6 $1 23.Kf2 Qxb2+ {winning material.} ) 22...Qc4+ {It's necessary to protect the d5-pawn.} ( 22...Be5 23.Qxd5 ) 23.Kg2 Be5 ( 23...Bb8 {is logical, since the a7-pawn is defended. After} 24.Rd1 Re5 25.b3 Qc6 26.c4 $1 Rf5 27.cxd5 $1 Qd6 28.Qg3 a6 {Black has the advantage, although drawing chances are serious.} ) 24.Bxa7 ( 24.Rd1 {is also possible and likely leads to a draw.} ) 24...Ra8 ( 24...Bg7 $1 {[%c_effect g7;square;g7;type;GreatFind;persistent;true] is more accurate, bringing the rook to the game through the e-file.} ) 25.Re1 $1 Bxc3 $2 {[%c_effect c3;square;c3;type;Mistake;persistent;true] This is a calculation mistake.} ( 25...Rxa7 {The game is equal after} 26.Rxe5 Rxa2 27.Qf6 Ra8 28.Re7 d4 $1 ) 26.Re7 $1 {[%c_effect e7;square;e7;type;GreatFind;persistent;true] Now White is winning.} 26...d4 ( 26...Rf8 27.bxc3 {wins a piece.} ) ( 26...f5 27.bxc3 Rxa7 28.Qe3 {with a winning attack.} ) 27.Qxb7 Rxa7 28.Qxa7 ( 28.Qb8+ {is also good:} 28...Kg7 29.Qe5+ $1 Kh6 30.Rxa7 {Now Black cannot play ...d4-d3.} 30...Bxb2 31.Qf6 {with a winning position.} ) 28...Qd5+ 29.Kh2 d3 30.bxc3 $2 {[%c_effect c3;square;c3;type;Mistake;persistent;true] This move allows Black to equalize.} ( 30.Qd7 $1 {[%c_effect d7;square;d7;type;GreatFind;persistent;true] wins on the spot.} 30...Be5+ ( 30...Qf3 31.Qc8+ $1 Kg7 32.Qxc3+ ) 31.Kg1 Bd6 32.Qc8+ Kg7 33.Qc3+ Kg8 ( 33...Kh6 34.Qd2+ Kg7 35.Re3 {The d-pawn falls.} ) ( 33...Kf8 34.Re3 d2 $2 35.Qh8# ) 34.Re8+ Bf8 35.Qb4 Qg5+ 36.Kh2 {Black has no checks, and the win is easy.} ) 30...d2 31.Rd7 d1=Q 32.Rxd5 Qxd5 {Although the position should be drawn with the best play, life is not easy for Black yet. Queen endgames are the most difficult to defend.} 33.Qb8+ Kg7 34.a4 Qc5 35.Qb2 Qe5+ 36.Kg2 Qd5+ 37.f3 Qg5+ 38.Kf1 Qf6 39.Ke2 Qe6+ 40.Kd3 Qd5+ ( 40...Qxh3 {is also possible:} 41.c4+ Kg8 ) 41.Kc2 Qxf3 42.c4+ Kh6 ( 42...f6 {also leads to a draw after} 43.Qd4 Qxh3 ) 43.Qd4 $1 {[%c_effect d4;square;d4;type;GreatFind;persistent;true] Carlsen, as usual, poses the most difficult problems for the opponent in the endgame.} 43...f5 ( 43...Qxh3 44.Qf4+ Kg7 {should also be a draw with the best play.} ) 44.a5 f4 45.a6 Qe2+ $2 {[%c_effect e2;square;e2;type;Mistake;persistent;true] A fatal mistake.} ( 45...Qg2+ $1 {[%c_effect g2;square;g2;type;GreatFind;persistent;true] This is the right check. The game ends in a draw after} 46.Kb3 f3 {I don't see anything better for White than perpetual check.} ) 46.Kb3 Qf3+ ( 46...f3 {Now the queen doesn't control the a8-square anymore. The variations are interesting:} 47.a7 f2 48.Qh4+ $1 ( 48.a8=Q f1=Q {Positions with four queens on the board are always delightful. White has no way to exploit the checks.} ) 48...Kg7 49.a8=Q f1=Q ( 49...Qd3+ {The checks are over if White plays accurately:} 50.Kb4 Qd6+ 51.Kc3 Qe5+ 52.Kb3 Qe3+ 53.Ka4 ) 50.Qb7+ Qf7 51.Qxh7+ Kxh7 52.Qxf7+ {With a winning endgame, although it's still not easy to prove.} ) 47.Kb4 g5 48.a7 ( 48.Qd6+ Kh5 49.Qd7 {is also winning.} ) 48...Qb7+ 49.Kc3 ( 49.Ka5 {also leads to victory.} ) 49...f3 ( 49...Kh5 {is more stubborn. The winning variations are extremely difficult, for instance:} 50.Qd1+ $1 f3 51.Qd4 $1 {[%c_effect d4;square;d4;type;GreatFind;persistent;true] followed by Kd3-e3.} ) 50.Kd2 Kg6 51.Ke3 {The king approaches the unpleasant black pawn, and the game is over.} 51...h6 52.Kf2 Qa8 53.Qd3+ Kg7 54.Qd7+ Kg6 55.Qe6+ ( 55.Qd6+ Kg7 56.Qb8 $2 {[%c_effect b8;square;b8;type;Mistake;persistent;true] is a primitive attempt. Always be careful with your opponent's resources.} 56...Qe4 $1 {[%c_effect e4;square;e4;type;GreatFind;persistent;true] Threatening ...Qe2+.} ) 55...Kg7 56.Qe7+ Kg6 57.c5 Kh5 ( 57...h5 58.Qd6+ Kg7 59.Qc7+ Kg6 60.Qb6+ Kf5 61.c6 $1 {[%c_effect c6;square;c6;type;GreatFind;persistent;true] closing Black's queen and winning the game.} ) 58.Qf7+ Kh4 59.Qxf3 1-0